AoeStats
← Witman

Nomad

505657173Analyzed
4v4 RM · 23d ago on Sep 10, 2026· 45m 31s· 8 players
Game mode
Random Map
Map size
231×231
Population
200
Speed
Normal
Resources
Standard
Victory
Conquest
Starting age
Dark Age
Ending age
Imperial Age
RankedLock teamsTeams togetherTeam positionsShared explorationLock speedFull tech treeHidden civsTurbo modeCheats
Victory
Defeat
🇻🇳 Armenians · Vietnam
1308
+15
🇯🇵 Cumans · Japan
1269
+17
🇭🇰 Spanish · Hong Kong SAR China
1266
+17
🇺🇦 Burgundians · Ukraine
1255
+18
🇹🇼 Khmer · Taiwan
1380
-21
🇹🇼 Japanese · Taiwan
1302
-17
🇺🇸 Vikings · United States
1295
-17
🇹🇼 Mongols · Taiwan
1186
-12
痛苦
13:46 Loom
15:56 Feudal Age
19:30 Castle Age
37:33 Imperial Age
35:02 Horse Collar
36:58 Wheelbarrow
37:56 Hand Cart
37:58 Heavy Plow
37:44 Double-Bit Axe
41:26 Hoardings
43:03 Elite Conquistador
Skyle
6:00 Loom
10:51 Double-Bit Axe
15:19 Feudal Age
13:37 Horse Collar
15:12 Fishing Lines
19:05 Castle Age
17:31 Bow Saw
17:59 Heavy Plow
18:11 Gold Mining
18:35 Forging
18:53 Scale Barding Armor
19:17 Cavalier
20:29 Crop Rotation
21:37 Two-Man Saw
24:13 Iron Casting
25:51 Gold Shaft Mining
27:29 Chain Barding Armor
27:13 Husbandry
27:57 Wheelbarrow
30:31 Hand Cart
32:01 Town Watch
32:33 Stone Mining
34:21 Town Patrol
34:58 Stone Shaft Mining
36:48 Padded Archer Armor
41:04 Imperial Age
39:12 Fortified Wall
39:31 Ballistics
38:36 Elite Skirmisher
40:45 Leather Archer Armor
42:14 Coinage
42:32 Conscription
41:32 Elite Coustillier
43:15 Blast Furnace
42:06 Fletching
41:38 Paladin
42:07 Elite Coustillier
45:17 Bodkin Arrow
46:25 Chemistry
46:14 Plate Barding Armor
Nekomi
4:33 Loom
13:50 Feudal Age
14:25 Double-Bit Axe
18:36 Fishing Lines
22:53 Castle Age
20:59 Stone Mining
21:55 Town Watch
23:32 Fletching
28:12 Town Watch
46:24 Wheelbarrow
bina
4:44 Loom
7:31 Loom
12:45 Feudal Age
13:23 Double-Bit Axe
15:58 Fletching
16:35 Fishing Lines
19:07 Castle Age
17:59 Gold Mining
18:55 Stone Mining
19:25 Padded Archer Armor
20:43 Bodkin Arrow
23:48 Bow Saw
30:09 Gillnets
30:38 Horse Collar
31:14 Leather Archer Armor
33:15 Heavy Plow
33:36 Medium Warships
34:48 Cilician Fleet
35:04 Clinker Construction
35:05 Careening
35:41 Ballistics
39:47 Imperial Age
37:57 Wheelbarrow
37:11 Crossbowman
38:06 Masonry
38:47 Town Watch
39:21 Hand Cart
40:01 Arbalester
41:43 Chemistry
40:45 Bracer
41:16 Ring Archer Armor
40:40 Sappers
42:14 Conscription
42:49 Carvel Hull
42:25 Pikeman
43:06 Squires
42:51 Gambesons
42:52 Arson
44:28 Halberdier
45:09 Scale Mail Armor
45:20 Forging
[CK] Lukka
6:10 Loom
12:46 Feudal Age
16:39 Castle Age
16:02 Double-Bit Axe
16:44 Fletching
17:22 Bodkin Arrow
20:46 Padded Archer Armor
22:47 Bow Saw
23:33 Gold Mining
26:49 Horse Collar
27:48 Fishing Lines
30:12 Heavy Plow
30:47 Stone Mining
31:22 Gillnets
33:07 Ballistics
33:38 Wheelbarrow
39:02 Imperial Age
37:08 Hand Cart
37:06 Scale Mail Armor
36:34 Pikeman
38:47 Leather Archer Armor
39:44 Bloodlines
39:41 Thumb Ring
41:25 Conscription
40:31 Heavy Cavalry Archer
41:37 Parthian Tactics
41:14 Bracer
42:17 Chemistry
40:52 Elite Skirmisher
42:05 Yasama
41:39 Halberdier
43:16 Ring Archer Armor
POPO
3:39 Loom
13:00 Feudal Age
16:02 Castle Age
18:28 Fletching
19:11 Fishing Lines
20:29 Bodkin Arrow
25:51 Horse Collar
28:02 Heavy Plow
29:23 Town Watch
30:10 Double-Bit Axe
31:05 Forging
31:32 Wheelbarrow
31:50 Scale Barding Armor
33:13 Hand Cart
33:20 Bow Saw
37:43 Imperial Age
36:10 Iron Casting
35:43 Gold Mining
37:22 Ballistics
38:31 Chain Barding Armor
38:46 Conscription
39:39 Chemistry
39:52 Bracer
40:34 Bloodlines
未時稻暱瑠
3:41 Loom
5:17 Loom
13:20 Feudal Age
13:38 Feudal Age
17:33 Castle Age
15:45 Stone Mining
17:59 Double-Bit Axe
19:56 Town Watch
20:33 Fletching
22:10 Padded Archer Armor
25:05 Wheelbarrow
29:50 Hand Cart
Witman
13:35 Feudal Age
17:12 Castle Age
15:42 Loom
16:13 Fletching
18:04 Bodkin Arrow
17:57 Double-Bit Axe
20:04 Bow Saw
25:56 Scale Mail Armor
39:43 Forging
40:36 Chain Mail Armor
43:02 Chieftains
Connection lost

Rejoining the realm…

Still unreachable

The connection could not be restored.

Session expired

The server has moved on; the page needs a fresh start.